 Dungeon Crawl Stone Soup version 0.29.1-12-g30fa7ad0bf (webtiles) character file.

Game seed: 15020948894007929213

702 xzight the Shield-Bearer (level 7, -1/60 HPs)
             Began as a Gnoll Fighter on Dec 27, 2022.
             Slain by Prince Ribbit (14 damage)
             ... on level 5 of the Dungeon.
             The game lasted 00:05:37 (4800 turns).

xzight the Shield-Bearer (Gnoll Fighter)            Turns: 4800, Time: 00:05:37

Health: -1/60      AC:  9    Str: 18    XL:     7   Next: 66%
Magic:  11/11      EV: 10    Int:  7    God:
Gold:   190        SH:  5    Dex: 11    Spells: 11/11 levels left

rFire   . . .      SeeInvis .   a - +0 flail
rCold   . . .      Faith    .   c - +0 buckler
rNeg    . . .      Spirit   .   b - +0 scale mail
rPois   .          Reflect  .   (no helmet)
rElec   .          Harm     .   (no cloak)
rCorr   .          Rampage  .   s - +0 pair of gloves
Will    .....                   (no boots)
Stlth   +.........              (no amulet)
HPRegen 0.20/turn               (no ring)
MPRegen 0.12/turn               (no ring)

@: no status effects
A: fangs 1, strong nose, distributed training
a: no special abilities


You were on level 5 of the Dungeon.
You visited 1 branch of the dungeon, and saw 5 of its levels.

You collected 190 gold pieces.


Innate Abilities, Weirdness & Mutations

You have very sharp teeth.
Your uncanny sense of smell can sniff out nearby items.
Your experience applies equally to all skills.


   Skills:
 + Level 7.1 Fighting
 + Level 2.7 Short Blades
 + Level 2.7 Long Blades
 + Level 2.7 Axes
 + Level 5.4 Maces & Flails
 + Level 2.7 Polearms
 + Level 2.7 Staves
 + Level 2.7 Ranged Weapons
 + Level 2.7 Throwing
 + Level 7.1 Armour
 + Level 2.7 Dodging
 + Level 2.7 Stealth
 + Level 7.1 Shields
 + Level 2.7 Unarmed Combat
 + Level 2.7 Spellcasting
 + Level 2.2 Conjurations
 + Level 2.2 Hexes
 + Level 2.2 Summonings
 + Level 2.2 Necromancy
 + Level 2.2 Translocations
 + Level 2.2 Transmutations
 + Level 2.2 Fire Magic
 + Level 2.2 Ice Magic
 + Level 2.2 Air Magic
 + Level 2.2 Earth Magic
 + Level 2.2 Poison Magic
 + Level 3.0 Invocations
 + Level 2.7 Evocations


You had 11 spell levels left.
You didn't know any spells.
Your spell library contained the following spells:

 Spells                   Type           Power      Damage    Failure   Level
 Freeze                   Ice            16%        1d4       45%         1
 Magic Dart               Conj           16%        1d3       45%         1
 Ensorcelled Hibernation  Hex/Ice        8%         N/A       58%         2
 Searing Ray              Conj           8%         2d4       58%         2
 Frozen Ramparts          Ice            8%         1d2       83%         3
 Portal Projectile        Hex/Tloc       8%         N/A       83%         3
 Spider Form              Tmut/Pois      4%         N/A       83%         3
 Tukima's Dance           Hex            4%         N/A       83%         3
 Anguish                  Hex/Necr       2%         N/A       99%         4
 Fulminant Prism          Conj/Hex       2%         3d6       99%         4
 Hailstorm                Conj/Ice       4%         3d4       99%         4
 Blade Hands              Tmut           2%         N/A       100%        5

Inventory:

Hand Weapons
 a - a +0 flail (weapon)
Armour
 b - a +0 scale mail (worn)
 c - a +0 buckler (worn)
 s - a +0 pair of gloves (worn)
Jewellery
 I - a +6 ring of intelligence
Wands
 l - a wand of iceblast (7)
 q - a wand of acid (11)
Scrolls
 e - 2 scrolls of poison {unknown}
 g - 3 scrolls of identify {@r1}
 i - a scroll of magic mapping {unknown}
 k - a scroll of immolation {unknown}
 m - a scroll of summoning {unknown}
 r - a scroll of enchant weapon {unknown}
 t - 2 scrolls of enchant armour {unknown}
 u - a scroll of teleportation {unknown}
Potions
 d - a potion of might
 f - 4 potions of flight
 h - 2 potions of curing {@q1}
 j - 2 potions of magic {unknown}
 n - a potion of resistance {unknown}
 o - 2 potions of lignification {unknown}
 p - a potion of brilliance {unknown}
 v - a potion of cancellation {unknown}

Dungeon Overview and Level Annotations

Branches:
Dungeon (5/15)
 Temple: D:4-7

Altars:
Elyvilon
Qazlal
Sif Muna

Shops:
D:2 =

Annotations:
D:5 Prince Ribbit

#.##.##.### #
#.##..)#
#.####)# #.#
#)# #.# #.# #.#
#.#.# #. #.#.#
#.#.# #@#.# #
#F#.#####
.#'####.#......
..........#
..........#
........!.#
..........#
...####+### .>#


You could see Prince Ribbit.


Message History

Prince Ribbit attacks as you move away! Prince Ribbit hits you!
Prince Ribbit closely misses you.
Items here: )) [ ††.
You thump Prince Ribbit!
Prince Ribbit is moderately wounded.
Prince Ribbit hits you. You block Prince Ribbit's attack.
Prince Ribbit is nearby!
You miss Prince Ribbit.
Prince Ribbit is moderately wounded.
Prince Ribbit hits you!
Prince Ribbit blinks!
You swing at nothing.
You swing at nothing.
Prince Ribbit hits you.
You thump Prince Ribbit!
Prince Ribbit is severely wounded.
Prince Ribbit hits you.
* * * LOW HITPOINT WARNING * * *
Prince Ribbit hits you!
* * * LOW HITPOINT WARNING * * *
You closely miss Prince Ribbit. Your bite misses Prince Ribbit.
Prince Ribbit is severely wounded.
Prince Ribbit hits you.
* * * LOW HITPOINT WARNING * * *
You miss Prince Ribbit.
Prince Ribbit is severely wounded.
Prince Ribbit closely misses you. Prince Ribbit misses you.
You thump Prince Ribbit!
Prince Ribbit is almost dead.
Prince Ribbit hits you but does no damage.
Prince Ribbit hits you!
You die...

Skill      XL: |  1  2  3  4  5  6  7 |
---------------+----------------------+-----
Invocations    | 1 2 3 |  3.0
Short Blades   | 1 2 |  2.7
Long Blades    | 1 2 |  2.7
Axes           | 1 2 |  2.7
Polearms       | 1 2 |  2.7
Staves         | 1 2 |  2.7
Ranged Weapons | 1 2 |  2.7
Throwing       | 1 2 |  2.7
Dodging        | 1 2 |  2.7
Stealth        | 1 2 |  2.7
Unarmed Combat | 1 2 |  2.7
Spellcasting   | 1 2 |  2.7
Evocations     | 1 2 |  2.7
Conjurations   | 1 2 |  2.2
Hexes          | 1 2 |  2.2
Summonings     | 1 2 |  2.2
Necromancy     | 1 2 |  2.2
Translocations | 1 2 |  2.2
Transmutations | 1 2 |  2.2
Fire Magic     | 1 2 |  2.2
Ice Magic      | 1 2 |  2.2
Air Magic      | 1 2 |  2.2
Earth Magic    | 1 2 |  2.2
Poison Magic   | 1 2 |  2.2
Maces & Flails | 5 |  5.4
Fighting       | 7 |  7.1
Armour         | 7 |  7.1
Shields        | 7 |  7.1

Action                   |  1- 3 |  4- 6 |  7- 9 || total
-------------------------+-------+-------+-------++-------
Melee: Flail             |   107 |   104 |    78 ||   289
       Bite              |     3 |     8 |    11 ||    22
  Use: Scroll            |       |     1 |       ||     1
       Potion            |       |     1 |       ||     1
Armor: Scale mail        |    42 |    35 |    43 ||   120
Dodge: Dodged            |    42 |    42 |    43 ||   127
Block: Buckler           |    29 |    36 |    20 ||    85

Levels and vault maps discovered:
D:1:      ncdulo_lavacross, layout_basic,
          shapermc_ecumenical_altar_totnotflames, minmay_misc_feat_roman
D:2:      layout_basic, serial_shops, shop
D:3:      layout_loops_corners, nicolae_elyvilon_temple_path,
          kennysheep_generic_room_13
D:4:      layout_rooms, mainiacjoe_overflow_alcove_4,
          nicolae_qazlal_eye_of_the_storm, grunt_decor_fettered,
          mrwooster_statue_mirror, grunt_decor_one_mirror
D:5:      layout_basic, mainiacjoe_overflow_concentric_impassable, uniq_grinder,
          uniq_edmund, uniq_prince_ribbit1

Notes
Turn   | Place    | Note
-------+----------+-------------------------------------------
     0 | D:1      | xzight the Gnoll Fighter began the quest for the Orb.
     0 | D:1      | Reached XP level 1. HP: 23/23 MP: 1/1
   187 | D:1      | Reached XP level 2. HP: 23/29 MP: 2/2
   374 | D:1      | Found a faded altar of an unknown god.
  1065 | D:2      | Reached XP level 3. HP: 35/35 MP: 3/3
  1228 | D:2      | Reached skill level 1 in Invocations
  1453 | D:2      | Reached skill level 1 in Short Blades
  1453 | D:2      | Reached skill level 1 in Long Blades
  1453 | D:2      | Reached skill level 1 in Axes
  1453 | D:2      | Reached skill level 1 in Polearms
  1453 | D:2      | Reached skill level 1 in Staves
  1453 | D:2      | Reached skill level 1 in Ranged Weapons
  1453 | D:2      | Reached skill level 1 in Throwing
  1453 | D:2      | Reached skill level 1 in Dodging
  1453 | D:2      | Reached skill level 1 in Stealth
  1453 | D:2      | Reached skill level 1 in Unarmed Combat
  1453 | D:2      | Reached skill level 1 in Spellcasting
  1453 | D:2      | Reached skill level 1 in Evocations
  1682 | D:2      | Found Laroash's Jewellery Shop.
  1884 | D:3      | Reached skill level 1 in Conjurations
  1884 | D:3      | Reached skill level 1 in Hexes
  1884 | D:3      | Reached skill level 1 in Summonings
  1884 | D:3      | Reached skill level 1 in Necromancy
  1884 | D:3      | Reached skill level 1 in Translocations
  1884 | D:3      | Reached skill level 1 in Transmutations
  1884 | D:3      | Reached skill level 1 in Fire Magic
  1884 | D:3      | Reached skill level 1 in Ice Magic
  1884 | D:3      | Reached skill level 1 in Air Magic
  1884 | D:3      | Reached skill level 1 in Earth Magic
  1884 | D:3      | Reached skill level 1 in Poison Magic
  1884 | D:3      | Reached XP level 4. HP: 9/41 MP: 5/5
  1884 | D:3      | HP: 4/41 [orc/+0 flail (5)]
  2911 | D:3      | Reached XP level 5. HP: 42/47 MP: 7/7
  3211 | D:3      | Found a white marble altar of Elyvilon.
  3462 | D:4      | Found a shimmering blue altar of Sif Muna.
  3506 | D:4      | Reached skill level 2 in Invocations
  3506 | D:4      | Reached XP level 6. HP: 7/53 MP: 8/8
  3780 | D:4      | Reached skill level 2 in Short Blades
  3780 | D:4      | Reached skill level 2 in Long Blades
  3780 | D:4      | Reached skill level 2 in Axes
  3780 | D:4      | Reached skill level 5 in Maces & Flails
  3780 | D:4      | Reached skill level 2 in Polearms
  3780 | D:4      | Reached skill level 2 in Staves
  3780 | D:4      | Reached skill level 2 in Ranged Weapons
  3780 | D:4      | Reached skill level 2 in Throwing
  3780 | D:4      | Reached skill level 2 in Dodging
  3780 | D:4      | Reached skill level 2 in Stealth
  3780 | D:4      | Reached skill level 2 in Unarmed Combat
  3780 | D:4      | Reached skill level 2 in Spellcasting
  3780 | D:4      | Reached skill level 2 in Evocations
  4108 | D:4      | Reached skill level 7 in Fighting
  4108 | D:4      | Reached skill level 7 in Armour
  4108 | D:4      | Reached skill level 7 in Shields
  4108 | D:4      | Reached XP level 7. HP: 52/60 MP: 10/10
  4181 | D:4      | Found a stormy altar of Qazlal.
  4343 | D:5      | Entered Level 5 of the Dungeon
  4391 | D:5      | Reached skill level 2 in Conjurations
  4391 | D:5      | Reached skill level 2 in Hexes
  4391 | D:5      | Reached skill level 2 in Summonings
  4391 | D:5      | Reached skill level 2 in Necromancy
  4391 | D:5      | Reached skill level 2 in Translocations
  4391 | D:5      | Reached skill level 2 in Transmutations
  4391 | D:5      | Reached skill level 2 in Fire Magic
  4391 | D:5      | Reached skill level 2 in Ice Magic
  4391 | D:5      | Reached skill level 2 in Air Magic
  4391 | D:5      | Reached skill level 2 in Earth Magic
  4391 | D:5      | Reached skill level 2 in Poison Magic
  4434 | D:5      | Reached skill level 3 in Invocations
  4787 | D:5      | Noticed Prince Ribbit
  4800 | D:5      | Slain by Prince Ribbit

Vanquished Creatures
  A black bear (D:5)
  2 ogres
  A necrophage (D:4)
  A scorpion (D:4)
  2 hounds (D:5)
  A jelly (D:4)
  An orc priest (D:3)
  2 iguanas (D:4)
  An orc wizard (D:5)
  4 adders
  A white imp (D:5)
  2 worms
  3 dart slugs
  12 orcs
  4 ball pythons
  2 bats
  5 endoplasms
  5 giant cockroaches
  5 goblins
  7 hobgoblins
  9 jackals
  6 kobolds
  3 quokkas
  2 frilled lizards
  4 rats
86 creatures vanquished.

Table legend: (Time is in decaauts)
 A = Elapsed time spent in this place.
 B = Non-inter-level travel time spent in this place.
 C = Inter-level travel time spent in this place.
 D = Time resting spent in this place.
 E = Time spent auto-exploring this place.
 F = Levels seen in this place.
 G = Mean time per level.
                   A        B        C        D        E       F      G
               +--------+--------+--------+--------+--------+-----+--------+
         Total |   4856 |   4702 |    154 |    679 |   3306 |   5 |  971.2 |
       Dungeon |   4856 |   4702 |    154 |    679 |   3306 |   5 |  971.2 |
               +--------+--------+--------+--------+--------+-----+--------+

Top non-repeatable levels by time:
     D:3: 1464 daAuts
     D:4: 1062 daAuts
     D:1: 992 daAuts
     D:2: 866 daAuts
     D:5: 470 daAuts

Table legend:
 A = Non-vault XP
 B = Vault XP
 C = Vault XP percentage of total XP
 D = Non-vault monster count
 E = Vault monster count
 F = Vault count percentage of total count
                 A         B        C        D         E       F
            +---------+---------+-------+---------+---------+-------
      Total |    1000 |       4 |   0.4 |      84 |       2 |   2.3
            +---------+---------+-------+---------+---------+-------
        D:1 |      29 |       0 |   0.0 |      15 |       0 |   0.0
        D:2 |      49 |       0 |   0.0 |      21 |       0 |   0.0
        D:3 |      94 |       4 |   4.1 |      18 |       2 |  10.0
        D:4 |     446 |       0 |   0.0 |      19 |       0 |   0.0
        D:5 |     382 |       0 |   0.0 |      11 |       0 |   0.0
            +---------+---------+-------+---------+---------+-------
